Washington Capitals vs Calgary Flames
Created - Thursday, January 22, 2026 at 07:56
Goals
|
| Washington Capitals |
2 |
1 |
1 |
0 |
1 |
5 |
| Calgary Flames |
1 |
2 |
1 |
0 |
0 |
4 |
|
Shots
|
| Washington Capitals |
12 |
11 |
13 |
0 |
3 |
36 |
| Calgary Flames |
18 |
7 |
7 |
1 |
3 |
33 |
|
1st period
1. Washington Capitals , Shane Pinto 5 (John Carlson 5) at 7:22
2. Washington Capitals , Drake Batherson 3 (Nick Foligno 3, Jason Robertson 6) at 16:37
3. Calgary Flames , Zach Hyman 4 (Cale Makar 6) at 17:46
Penalties :
Jeremy Lauzon (CGY) for Slashing (Minor) at 4:06
2nd period
4. Calgary Flames , Chris Kreider 3 (J.T. Miller 5) at 15:45
5. Calgary Flames , Evan Rodrigues 3 (Joel Eriksson Ek 1, Sebastian Aho 5) at 17:50 (PP)
6. Washington Capitals , Tomas Hertl 4 (Jason Robertson 7, Jamie Oleksiak 3) at 18:04
Penalties :
Nikita Zadorov (WSH) for Cross-checking (Minor) at 4:02, Sebastian Aho (CGY) for Diving (Minor) at 6:32, Zach Hyman (CGY) for Tripping (Minor) at 12:07, Nick Foligno (WSH) for Tripping (Minor) at 16:48, Sebastian Aho (CGY) for Holding (Minor) at 18:28
3rd period
7. Washington Capitals , John Carlson 2 (Tom Wilson 6, Shane Pinto 4) at 9:53 (PP)
8. Calgary Flames , Bo Horvat 6 (Sebastian Aho 6) at 19:15
Penalties :
Jamie Oleksiak (WSH) for Interference (Minor) at 3:29, Cale Makar (CGY) for Tripping (Minor) at 9:13, Filip Hronek (CGY) for Tripping (Minor) at 13:16, Stefan Noesen (WSH) for Hooking (Minor) at 15:47
Overtime #1
No Goal
Penalties :
No Penalty
Shootout
Washington Capitals, Jason Robertson - Shot Misses the Net
Calgary Flames, Bo Horvat - Stopped by Jake Oettinger
Washington Capitals, Frederick Gaudreau - Goal!
Calgary Flames, Sebastian Aho - Stopped by Jake Oettinger
Washington Capitals, Lars Eller - Shot Misses the Net
Calgary Flames, J.T. Miller - Shot Misses the Net
Penalties :
No Penalty
Goalie Stats
Jake Oettinger (WSH), 29 saves from 33 shots - (0.879), W, 3-1-1, 65:00 minutes
Ilya Sorokin (CGY), 32 saves from 36 shots - (0.889), OTL, 3-0-2, 64:34 minutes
Players Stats for Washington Capitals
Player Name G A P +/- PIM S H SB GA TA FO MP PP MP PK MP
------------------------------------------------------------------------------------
Alex Ovechkin 0 0 0 0 0 4 1 0 0 1 0/1 19:11 5:14 0:00
Drake Batherson 1 0 1 1 0 4 1 0 0 1 0/1 13:12 5:21 0:00
Frederick Gaudreau 0 0 0 -1 0 2 0 0 0 0 1/2 14:46 0:00 3:23
Ian Cole 0 0 0 -1 0 1 0 2 0 0 0/0 15:55 0:00 3:24
Jamie Oleksiak 0 1 1 0 2 1 0 3 0 0 0/0 20:19 0:00 2:41
Jason Robertson 0 2 2 0 0 6 0 0 4 2 1/1 21:20 5:40 0:00
John Carlson 1 1 2 1 0 2 1 3 0 1 0/0 25:52 4:55 3:35
Lars Eller 0 0 0 1 0 0 0 1 0 0 2/3 9:20 0:00 0:14
Marco Rossi 0 0 0 0 0 1 0 0 1 0 6/11 16:07 4:55 0:00
Nick Foligno 0 1 1 -1 2 1 1 0 0 1 0/0 19:18 5:21 2:50
Nick Jensen 0 0 0 0 0 1 0 3 0 0 0/0 15:37 0:00 0:34
Nikita Zadorov 0 0 0 0 2 1 1 1 0 0 0/0 14:22 0:00 0:27
Sean Kuraly 0 0 0 1 0 2 0 0 0 0 0/0 9:48 0:00 0:47
Shane Pinto 1 1 2 -1 0 3 0 1 0 0 14/29 22:57 5:14 3:22
Stefan Noesen 0 0 0 0 2 1 0 0 1 0 0/1 11:30 0:00 0:00
Tom Wilson 0 1 1 0 0 2 0 0 1 0 0/0 20:42 5:14 3:22
Tomas Hertl 1 0 1 0 0 4 3 0 0 0 13/21 18:16 5:21 0:00
Tyler Myers 0 0 0 0 0 0 2 1 0 0 0/0 24:25 5:40 3:17
Players Stats for Calgary Flames
Player Name G A P +/- PIM S H SB GA TA FO MP PP MP PK MP
------------------------------------------------------------------------------------
Alec Martinez 0 0 0 1 0 1 1 1 0 2 0/0 19:48 0:00 5:40
Bo Horvat 1 0 1 0 0 2 0 0 1 0 16/32 23:20 3:45 5:13
Cale Makar 0 1 1 -1 2 5 1 1 0 1 0/0 25:35 3:13 4:55
Chris Kreider 1 0 1 1 0 4 1 0 0 0 1/2 15:54 3:06 0:21
Drew Doughty 0 0 0 1 0 3 1 0 0 0 0/0 25:44 3:46 5:00
Evan Rodrigues 1 0 1 0 0 4 2 0 0 1 0/2 16:31 3:49 0:00
Filip Hronek 0 0 0 0 2 0 2 1 0 0 0/0 14:42 0:00 0:00
J.T. Miller 0 1 1 1 0 1 0 0 0 1 10/21 21:59 3:06 5:16
Jeremy Lauzon 0 0 0 0 2 0 1 1 0 0 0/0 14:03 0:00 0:00
Joel Eriksson Ek 0 1 1 1 0 3 1 0 1 0 0/1 21:55 3:46 5:16
Mark Jankowski 0 0 0 0 0 2 1 0 1 0 0/0 7:07 0:01 0:00
Mathieu Joseph 0 0 0 0 0 0 0 0 0 0 0/0 6:53 0:00 0:00
Nic Dowd 0 0 0 0 0 0 1 0 0 0 3/5 8:21 0:11 0:00
Nick Paul 0 0 0 -1 0 1 0 0 1 0 0/0 13:38 0:00 1:52
Pavel Zacha 0 0 0 -1 0 2 0 1 0 1 3/4 12:30 0:08 0:00
Rasmus Andersson 0 0 0 -1 0 0 1 1 0 1 0/0 26:16 3:13 5:35
Sebastian Aho 0 2 2 0 4 4 2 1 1 0 0/1 21:44 3:45 3:12
Zach Hyman 1 0 1 -1 2 1 2 1 1 0 0/2 13:19 3:06 0:00
3 Stars
1 - John Carlson (WSH)
2 - Tomas Hertl (WSH)
3 - Drake Batherson (WSH)
Power Play
Washington Capitals - 1 on 6 Attempt(s) - 16.67%
Calgary Flames - 1 on 4 Attempt(s) - 25.00%
Penalty Kill
Washington Capitals - 3 on 4 Attempt(s) - 75.00%
- Score 0 goal in Penalty Kill
Calgary Flames - 5 on 6 Attempt(s) - 83.33%
- Score 0 goal in Penalty Kill
Team Stat
Washington Capitals - Hits : 10 - Faceoff Wins : 37 - Blocked Shots : 15 - Penalty Minutes : 8
Calgary Flames - Hits : 17 - Faceoff Wins : 33 - Blocked Shots : 8 - Penalty Minutes : 12
Official
Referees : Jon Mcisaac and Marc Joannette
Linesman : Brandon Gawryletz and Dan Kelly
Game Notes
No Game Note
Finance
Level 1 -- Attendance: 4500 (75.00%) -- Ticket Income $450,000
Level 2 -- Attendance: 3695 (73.90%) -- Ticket Income $221,700
Level 3 -- Attendance: 3000 (100.00%) -- Ticket Income $105,000
Level 4 -- Attendance: 3801 (76.02%) -- Ticket Income $95,025
Luxury Box -- Attendance: 784 (78.40%) -- Ticket Income $156,800
Game was played at the Scotiabank Saddledome.
Total Attendance: 15780 (78.90%)
Total Ticket Income: $1,028,525
Other Income: $359,984
Total Income: $1,388,509
Washington Capitals
5 vs 5 Forward
Center Left Wing Right Wing Time % Phy DF OF
1 Shane Pinto Alex Ovechkin Tom Wilson 30 0 2 3
2 Tomas Hertl Jason Robertson Nick Foligno 29 0 2 3
3 Marco Rossi Frederick Gaudreau Stefan Noesen 28 0 2 3
4 Lars Eller Sean Kuraly Drake Batherson 13 0 2 3
5 vs 5 Defense
Defense Defense Time % Phy DF OF
1 John Carlson Jamie Oleksiak 37 0 3 2
2 Tyler Myers Ian Cole 34 0 3 2
3 Nikita Zadorov Nick Jensen 29 1 3 1
4 Nikita Zadorov Nick Jensen 0 1 2 2
PowerPlay Forward
Center Left Wing Right Wing Time % Phy DF OF
1 Shane Pinto Alex Ovechkin Tom Wilson 50 0 1 4
2 Tomas Hertl Drake Batherson Nick Foligno 50 0 1 4
PowerPlay Defense
Defense Defense Time % Phy DF OF
1 John Carlson Marco Rossi 50 0 2 3
2 Tyler Myers Jason Robertson 50 0 2 3
Penalty Kill 4 Players Forward
Center Wing Time % Phy DF OF
1 Shane Pinto Tom Wilson 50 0 4 1
2 Frederick Gaudreau Nick Foligno 50 0 4 1
Penalty Kill 4 Players Defense
Defense Defense Time % Phy DF OF
1 John Carlson Jamie Oleksiak 50 1 4 0
2 Tyler Myers Ian Cole 50 1 4 0
Penalty Kill - 3 Players Forward
Forward Time % Phy DF OF
1 Shane Pinto 50 0 5 0
2 Frederick Gaudreau 50 1 2 2
Penalty Kill - 3 Players Defense
Defense Defense Time % Phy DF OF
1 John Carlson Nikita Zadorov 50 1 4 0
2 Tyler Myers Ian Cole 50 1 4 0
4 vs 4 Forward
Center Wing Time % Phy DF OF
1 Shane Pinto Alex Ovechkin 50 1 1 3
2 Tomas Hertl Jason Robertson 50 1 1 3
4 vs 4 Defense
Defense Defense Time % Phy DF OF
1 John Carlson Jamie Oleksiak 50 1 2 2
2 Tyler Myers Nick Jensen 50 1 2 2
Last Minutes Offensive
Center Left Wing Right Wing Defense Defense
Tomas Hertl Alex Ovechkin Tom Wilson John Carlson Jason Robertson
Last Minutes Defensive
Center Left Wing Right Wing Defense Defense
Shane Pinto Frederick Gaudreau Nick Foligno Ian Cole Jamie Oleksiak
Goaltenders
Starting : Jake Oettinger
Backup : Casey DeSmith
Extra Forwards
Normal : Sean Kuraly, Lars Eller, Stefan Noesen - PP : Stefan Noesen, Frederick Gaudreau - PK : Sean Kuraly
Extra Defensemen
Normal : Nikita Zadorov, Nick Jensen, Ian Cole - PP : Nick Jensen - PK : Nick Jensen, Nikita Zadorov
Penalty Shots
Jason Robertson, Frederick Gaudreau, Lars Eller, Alex Ovechkin, Drake Batherson
Scratches
Noah Warren (Healthy), Fabian Zetterlund (Healthy)
Calgary Flames
5 vs 5 Forward
Center Left Wing Right Wing Time % Phy DF OF
1 Bo Horvat Sebastian Aho Evan Rodrigues 32 1 2 2
2 J.T. Miller Joel Eriksson Ek Chris Kreider 32 1 2 2
3 Pavel Zacha Nick Paul Zach Hyman 25 1 2 2
4 Nic Dowd Mark Jankowski Mathieu Joseph 11 1 2 2
5 vs 5 Defense
Defense Defense Time % Phy DF OF
1 Cale Makar Rasmus Andersson 35 1 2 2
2 Filip Hronek Drew Doughty 35 1 2 2
3 Jeremy Lauzon Alec Martinez 30 1 2 2
4 Cale Makar Rasmus Andersson 0 1 2 2
PowerPlay Forward
Center Left Wing Right Wing Time % Phy DF OF
1 Bo Horvat Sebastian Aho Evan Rodrigues 50 1 2 2
2 J.T. Miller Zach Hyman Chris Kreider 50 1 2 2
PowerPlay Defense
Defense Defense Time % Phy DF OF
1 Cale Makar Rasmus Andersson 50 1 2 2
2 Joel Eriksson Ek Drew Doughty 50 1 2 2
Penalty Kill 4 Players Forward
Center Wing Time % Phy DF OF
1 Bo Horvat Sebastian Aho 50 1 2 2
2 J.T. Miller Joel Eriksson Ek 50 1 2 2
Penalty Kill 4 Players Defense
Defense Defense Time % Phy DF OF
1 Cale Makar Rasmus Andersson 50 1 2 2
2 Alec Martinez Drew Doughty 50 1 2 2
Penalty Kill - 3 Players Forward
Forward Time % Phy DF OF
1 Bo Horvat 50 1 2 2
2 Sebastian Aho 50 1 2 2
Penalty Kill - 3 Players Defense
Defense Defense Time % Phy DF OF
1 Cale Makar Rasmus Andersson 50 1 2 2
2 Alec Martinez Drew Doughty 50 1 2 2
4 vs 4 Forward
Center Wing Time % Phy DF OF
1 Bo Horvat Sebastian Aho 50 1 2 2
2 J.T. Miller Pavel Zacha 50 1 2 2
4 vs 4 Defense
Defense Defense Time % Phy DF OF
1 Cale Makar Rasmus Andersson 50 1 2 2
2 Jeremy Lauzon Drew Doughty 50 1 2 2
Last Minutes Offensive
Center Left Wing Right Wing Defense Defense
Bo Horvat Sebastian Aho Evan Rodrigues Cale Makar Rasmus Andersson
Last Minutes Defensive
Center Left Wing Right Wing Defense Defense
Bo Horvat Sebastian Aho Evan Rodrigues Cale Makar Rasmus Andersson
Goaltenders
Starting : Ilya Sorokin
Backup : Anton Forsberg
Extra Forwards
Normal : Nic Dowd, Pavel Zacha, Nick Paul - PP : Nic Dowd, Pavel Zacha - PK : Nick Paul
Extra Defensemen
Normal : Jeremy Lauzon, Alec Martinez, Cale Makar - PP : Jeremy Lauzon - PK : Alec Martinez, Cale Makar
Penalty Shots
Bo Horvat, Sebastian Aho, J.T. Miller, Cale Makar, Evan Rodrigues
Scratches
Ben Meyers (Healthy), Uvis Balinskis (Healthy)
% Time on Ice - Washington Capitals
Lines # - Real PCT - Wanted PCT - Time Play
Normal Forward
1 - 29% - 30% - 12:06
2 - 26% - 29% - 11:06
3 - 26% - 28% - 10:59
4 - 19% - 13% - 7:51
Normal Defense
1 - 38% - 37% - 15:53
2 - 32% - 34% - 13:38
3 - 30% - 29% - 12:31
4 - 0% - 0% - 0:00
PP Forward
1 - 49% - 50% - 5:14
2 - 51% - 50% - 5:21
PP Defense
1 - 46% - 50% - 4:55
2 - 54% - 50% - 5:40
PK Forward
1 - 51% - 50% - 3:32
2 - 49% - 50% - 3:27
PK Defense
1 - 53% - 50% - 3:42
2 - 47% - 50% - 3:17
PK3 Forward
1 - 0% - 50%
2 - 0% - 50%
PK3 Defense
1 - 0% - 50%
2 - 0% - 50%
44 Forward
1 - 52% - 50% - 2:35
2 - 48% - 50% - 2:25
44 Defense
1 - 46% - 50% - 2:17
2 - 54% - 50% - 2:43
Last Minute Offensive - 0:00
Last Minute Defensive - 0:24
Total
Forward - 65:00
Defense - 65:00
|
% Time on Ice - Calgary Flames
Lines # - Real PCT - Wanted PCT - Time Play
Normal Forward
1 - 29% - 32% - 12:04
2 - 30% - 32% - 12:45
3 - 24% - 25% - 10:13
4 - 16% - 11% - 6:53
Normal Defense
1 - 36% - 35% - 15:09
2 - 35% - 35% - 14:44
3 - 29% - 30% - 12:02
4 - 0% - 0% - 0:00
PP Forward
1 - 55% - 50% - 3:52
2 - 45% - 50% - 3:07
PP Defense
1 - 46% - 50% - 3:13
2 - 54% - 50% - 3:46
PK Forward
1 - 49% - 50% - 5:13
2 - 51% - 50% - 5:22
PK Defense
1 - 53% - 50% - 5:35
2 - 47% - 50% - 5:00
PK3 Forward
1 - 0% - 50%
2 - 0% - 50%
PK3 Defense
1 - 0% - 50%
2 - 0% - 50%
44 Forward
1 - 54% - 50% - 2:42
2 - 46% - 50% - 2:18
44 Defense
1 - 46% - 50% - 2:19
2 - 54% - 50% - 2:41
Last Minute Offensive - 0:31
Last Minute Defensive - 0:00
Total
Forward - 65:00
Defense - 65:00
|
Play-by-Play
1st period
0:01 of 1st period - Shane Pinto wins face-off versus Bo Horvat in neutral zone.
0:26 of 1st period - Slapshot by Jason Robertson.
0:26 of 1st period - Stopped by Ilya Sorokin without a rebound.
0:27 of 1st period - Chris Kreider wins face-off versus Tomas Hertl in Calgary Flames zone.
0:54 of 1st period - Tyler Myers is hit by Drew Doughty.
2:52 of 1st period - Jamie Oleksiak is hit by Evan Rodrigues and loses puck.
3:22 of 1st period - Snap shot by Tomas Hertl.
3:22 of 1st period - Stopped by Ilya Sorokin without a rebound.
3:23 of 1st period - Marco Rossi wins face-off versus Pavel Zacha in Calgary Flames zone.
4:06 of 1st period - Minor Penalty to Jeremy Lauzon for Slashing.
4:07 of 1st period - Bo Horvat wins face-off versus Shane Pinto in Calgary Flames zone.
4:15 of 1st period - Off-side.
4:16 of 1st period - Shane Pinto wins face-off versus J.T. Miller in neutral zone.
4:23 of 1st period - Wrist shot by Tom Wilson.
4:23 of 1st period - Shot Misses the Net.
4:25 of 1st period - Slapshot by John Carlson.
4:25 of 1st period - Stopped by Ilya Sorokin without a rebound.
4:26 of 1st period - Tomas Hertl wins face-off versus Bo Horvat in Calgary Flames zone.
4:27 of 1st period - Wrist shot by Drake Batherson.
4:27 of 1st period - Stopped by Ilya Sorokin with a rebound.
5:16 of 1st period - Wrist shot by Joel Eriksson Ek.
5:16 of 1st period - Stopped by Jake Oettinger without a rebound.
5:17 of 1st period - Tomas Hertl wins face-off versus Sebastian Aho in Washington Capitals zone.
5:24 of 1st period - Bo Horvat is hit by Drake Batherson and loses puck.
5:55 of 1st period - Slapshot by J.T. Miller.
5:55 of 1st period - Stopped by Jake Oettinger with a rebound.
6:06 of 1st period - Penalty to Jeremy Lauzon is over, Jeremy Lauzon is back on ice.
6:22 of 1st period - Snap shot by Marco Rossi.
6:22 of 1st period - Shot Misses the Net.
6:57 of 1st period - Nikita Zadorov is hit by Jeremy Lauzon and loses puck.
7:12 of 1st period - Snap shot by Sebastian Aho.
7:12 of 1st period - Shot Blocked by John Carlson.
7:14 of 1st period - Slapshot by Alec Martinez.
7:14 of 1st period - Stopped by Jake Oettinger without a rebound.
7:15 of 1st period - Bo Horvat wins face-off versus Shane Pinto in Washington Capitals zone.
7:20 of 1st period - Snap shot by Shane Pinto.
7:20 of 1st period - Shot Misses the Net.
7:22 of 1st period - Slapshot by Shane Pinto.
7:22 of 1st period - Goal by Shane Pinto - Washington Capitals : 1 - Calgary Flames : 0.
7:23 of 1st period - J.T. Miller wins face-off versus Tomas Hertl in neutral zone.
7:36 of 1st period - Snap shot by Chris Kreider.
7:36 of 1st period - Stopped by Jake Oettinger without a rebound.
7:37 of 1st period - Shane Pinto wins face-off versus J.T. Miller in Washington Capitals zone.
7:46 of 1st period - Snap shot by J.T. Miller.
7:46 of 1st period - Shot Blocked by John Carlson.
7:48 of 1st period - Wrist shot by Rasmus Andersson.
7:48 of 1st period - Shot Blocked by Jamie Oleksiak.
7:50 of 1st period - Snap shot by Joel Eriksson Ek.
7:50 of 1st period - Stopped by Jake Oettinger with a rebound.
7:52 of 1st period - Wrist shot by Chris Kreider.
7:52 of 1st period - Shot Hit the Post.
7:54 of 1st period - Slapshot by Rasmus Andersson.
7:54 of 1st period - Shot Misses the Net.
8:31 of 1st period - Snap shot by Jason Robertson.
8:31 of 1st period - Stopped by Ilya Sorokin with a rebound.
9:06 of 1st period - Icing by Nic Dowd.
9:07 of 1st period - Lars Eller wins face-off versus Chris Kreider in Calgary Flames zone.
9:42 of 1st period - Snap shot by Zach Hyman.
9:42 of 1st period - Shot Misses the Net.
9:44 of 1st period - Snap shot by Rasmus Andersson.
9:44 of 1st period - Deflect By Zach Hyman.
9:44 of 1st period - Shot Blocked by Lars Eller.
9:44 of 1st period - Puck is out of play.
9:45 of 1st period - Tomas Hertl wins face-off versus Evan Rodrigues in Washington Capitals zone.
9:58 of 1st period - Snap shot by Sebastian Aho.
9:58 of 1st period - Stopped by Jake Oettinger with a rebound.
10:00 of 1st period - Backhand shot by Sebastian Aho.
10:00 of 1st period - Stopped by Jake Oettinger with a rebound.
10:02 of 1st period - Slapshot by Rasmus Andersson.
10:02 of 1st period - Shot Misses the Net.
10:35 of 1st period - Backhand shot by Mathieu Joseph.
10:35 of 1st period - Shot Misses the Net.
10:37 of 1st period - Slapshot by Jeremy Lauzon.
10:37 of 1st period - Shot Misses the Net.
10:39 of 1st period - Wrist shot by Nic Dowd.
10:39 of 1st period - Deflect By Mark Jankowski.
10:39 of 1st period - Stopped by Jake Oettinger with a rebound.
11:01 of 1st period - Slapshot by Chris Kreider.
11:01 of 1st period - Shot Blocked by Ian Cole.
11:29 of 1st period - Snap shot by Tom Wilson.
11:29 of 1st period - Shot Misses the Net.
11:39 of 1st period - Wrist shot by Drake Batherson.
11:39 of 1st period - Shot Misses the Net.
12:01 of 1st period - Slapshot by Nick Paul.
12:01 of 1st period - Stopped by Jake Oettinger with a rebound.
12:03 of 1st period - Snap shot by Chris Kreider.
12:03 of 1st period - Stopped by Jake Oettinger with a rebound.
12:07 of 1st period - Wrist shot by Joel Eriksson Ek.
12:07 of 1st period - Shot Misses the Net.
12:21 of 1st period - Slapshot by Cale Makar.
12:21 of 1st period - Deflect By Tom Wilson.
12:21 of 1st period - Stopped by Jake Oettinger without a rebound.
12:22 of 1st period - Nic Dowd wins face-off versus Shane Pinto in Washington Capitals zone.
12:52 of 1st period - Snap shot by Evan Rodrigues.
12:52 of 1st period - Stopped by Jake Oettinger without a rebound.
12:53 of 1st period - Marco Rossi wins face-off versus Evan Rodrigues in Washington Capitals zone.
13:24 of 1st period - Chris Kreider is hit by Nick Foligno and loses puck.
13:51 of 1st period - Slapshot by Zach Hyman.
13:51 of 1st period - Shot Misses the Net.
14:07 of 1st period - Tyler Myers is hit by Mark Jankowski and loses puck.
14:14 of 1st period - Snap shot by Mark Jankowski.
14:14 of 1st period - Stopped by Jake Oettinger without a rebound.
14:15 of 1st period - Marco Rossi wins face-off versus J.T. Miller in Washington Capitals zone.
14:28 of 1st period - Snap shot by Stefan Noesen.
14:28 of 1st period - Stopped by Ilya Sorokin with a rebound.
14:30 of 1st period - Snap shot by Nick Jensen.
14:30 of 1st period - Stopped by Ilya Sorokin without a rebound.
14:31 of 1st period - Bo Horvat wins face-off versus Tomas Hertl in Calgary Flames zone.
14:44 of 1st period - Snap shot by Evan Rodrigues.
14:44 of 1st period - Shot Misses the Net.
14:46 of 1st period - Snap shot by Filip Hronek.
14:46 of 1st period - Shot Misses the Net.
14:48 of 1st period - Wrist shot by Bo Horvat.
14:48 of 1st period - Shot Misses the Net.
15:20 of 1st period - Slapshot by Cale Makar.
15:20 of 1st period - Shot Blocked by Nikita Zadorov.
15:42 of 1st period - Slapshot by Cale Makar.
15:42 of 1st period - Stopped by Jake Oettinger with a rebound.
15:44 of 1st period - Slapshot by Drew Doughty.
15:44 of 1st period - Stopped by Jake Oettinger without a rebound.
15:45 of 1st period - Shane Pinto wins face-off versus Bo Horvat in Washington Capitals zone.
15:45 of 1st period - Shane Pinto is hit by Filip Hronek.
16:00 of 1st period - Jamie Oleksiak is hit by Evan Rodrigues and loses puck.
16:37 of 1st period - Snap shot by Drake Batherson.
16:37 of 1st period - Goal by Drake Batherson - Washington Capitals : 2 - Calgary Flames : 0.
16:38 of 1st period - Bo Horvat wins face-off versus Shane Pinto in neutral zone.
16:49 of 1st period - Snap shot by Evan Rodrigues.
16:49 of 1st period - Shot Misses the Net.
16:51 of 1st period - Snap shot by Sebastian Aho.
16:51 of 1st period - Stopped by Jake Oettinger without a rebound.
16:52 of 1st period - J.T. Miller wins face-off versus Marco Rossi in Washington Capitals zone.
16:53 of 1st period - Snap shot by Cale Makar.
16:53 of 1st period - Shot Blocked by Tyler Myers.
17:26 of 1st period - Wrist shot by Tomas Hertl.
17:26 of 1st period - Stopped by Ilya Sorokin with a rebound.
17:28 of 1st period - Slapshot by Tyler Myers.
17:28 of 1st period - Shot Misses the Net.
17:46 of 1st period - Backhand shot by Zach Hyman.
17:46 of 1st period - Goal by Zach Hyman - Washington Capitals : 2 - Calgary Flames : 1.
17:47 of 1st period - Shane Pinto wins face-off versus Joel Eriksson Ek in neutral zone.
17:50 of 1st period - Snap shot by Tom Wilson.
17:50 of 1st period - Shot Misses the Net.
19:01 of 1st period - Snap shot by Lars Eller.
19:01 of 1st period - Shot Misses the Net.
19:21 of 1st period - Snap shot by Tom Wilson.
19:21 of 1st period - Stopped by Ilya Sorokin with a rebound.
19:23 of 1st period - Slapshot by Nikita Zadorov.
19:23 of 1st period - Deflect By J.T. Miller.
19:23 of 1st period - Stopped by Ilya Sorokin with a rebound.
19:25 of 1st period - Slapshot by Nikita Zadorov.
19:25 of 1st period - Shot Blocked by Alec Martinez.
19:39 of 1st period - Snap shot by Frederick Gaudreau.
19:39 of 1st period - Shot Misses the Net.
19:57 of 1st period - Slapshot by Sebastian Aho.
19:57 of 1st period - Stopped by Jake Oettinger without a rebound.
19:58 of 1st period - Bo Horvat wins face-off versus Tomas Hertl in Washington Capitals zone.
19:59 of 1st period - Wrist shot by Evan Rodrigues.
19:59 of 1st period - Shot Hit the Post.
Goals for this period are 2 for Washington Capitals vs 1 for Calgary Flames.
Shots for this period are 12 for Washington Capitals vs 18 for Calgary Flames.
2nd period
0:01 of 2nd period - Shane Pinto wins face-off versus J.T. Miller in neutral zone.
0:04 of 2nd period - Joel Eriksson Ek is hit by Alex Ovechkin.
0:08 of 2nd period - Wrist shot by Chris Kreider.
0:08 of 2nd period - Shot Blocked by Ian Cole.
0:28 of 2nd period - Snap shot by Stefan Noesen.
0:28 of 2nd period - Shot Blocked by Filip Hronek.
0:51 of 2nd period - Filip Hronek is hit by Tomas Hertl and loses puck.
0:58 of 2nd period - Slapshot by Jason Robertson.
0:58 of 2nd period - Stopped by Ilya Sorokin without a rebound.
0:59 of 2nd period - Bo Horvat wins face-off versus Shane Pinto in Calgary Flames zone.
1:26 of 2nd period - Wrist shot by Nick Foligno.
1:26 of 2nd period - Shot Blocked by Zach Hyman.
2:26 of 2nd period - Slapshot by Evan Rodrigues.
2:26 of 2nd period - Shot Misses the Net.
2:28 of 2nd period - Wrist shot by Evan Rodrigues.
2:28 of 2nd period - Stopped by Jake Oettinger without a rebound.
2:29 of 2nd period - Shane Pinto wins face-off versus Bo Horvat in Washington Capitals zone.
2:33 of 2nd period - Off-side.
2:34 of 2nd period - Tomas Hertl wins face-off versus Bo Horvat in neutral zone.
3:10 of 2nd period - Snap shot by Pavel Zacha.
3:10 of 2nd period - Stopped by Jake Oettinger without a rebound.
3:11 of 2nd period - J.T. Miller wins face-off versus Shane Pinto in Washington Capitals zone.
3:38 of 2nd period - Rasmus Andersson is hit by Tomas Hertl and loses puck.
4:02 of 2nd period - Minor Penalty to Nikita Zadorov for Cross-checking.
4:03 of 2nd period - Shane Pinto wins face-off versus Bo Horvat in Washington Capitals zone.
5:07 of 2nd period - Nick Foligno is hit by Chris Kreider and loses puck.
5:36 of 2nd period - Shane Pinto is hit by Zach Hyman and loses puck.
6:02 of 2nd period - Penalty to Nikita Zadorov is over, Nikita Zadorov is back on ice.
6:07 of 2nd period - Off-side.
6:08 of 2nd period - Lars Eller wins face-off versus Nic Dowd in neutral zone.
6:11 of 2nd period - Slapshot by Lars Eller.
6:11 of 2nd period - Shot Misses the Net.
6:18 of 2nd period - Off-side.
6:19 of 2nd period - Nic Dowd wins face-off versus Shane Pinto in neutral zone.
6:29 of 2nd period - Off-side.
6:30 of 2nd period - Bo Horvat wins face-off versus Stefan Noesen in neutral zone.
6:32 of 2nd period - Minor Penalty to Sebastian Aho for Diving.
6:33 of 2nd period - Tomas Hertl wins face-off versus Bo Horvat in Calgary Flames zone.
6:33 of 2nd period - Snap shot by Drake Batherson.
6:33 of 2nd period - Shot Misses the Net.
6:35 of 2nd period - Slapshot by Jason Robertson.
6:35 of 2nd period - Stopped by Ilya Sorokin without a rebound.
6:36 of 2nd period - Bo Horvat wins face-off versus Tomas Hertl in Calgary Flames zone.
7:12 of 2nd period - Wrist shot by Joel Eriksson Ek.
7:12 of 2nd period - Stopped by Jake Oettinger with a rebound.
7:14 of 2nd period - Slapshot by Rasmus Andersson.
7:14 of 2nd period - Shot Misses the Net.
7:16 of 2nd period - Slapshot by Cale Makar.
7:16 of 2nd period - Stopped by Jake Oettinger without a rebound.
7:17 of 2nd period - Shane Pinto wins face-off versus Bo Horvat in Washington Capitals zone.
7:17 of 2nd period - Shane Pinto is hit by Cale Makar.
7:29 of 2nd period - Wrist shot by Tom Wilson.
7:29 of 2nd period - Shot Misses the Net.
7:31 of 2nd period - Wrist shot by Shane Pinto.
7:31 of 2nd period - Shot Misses the Net.
8:16 of 2nd period - Drake Batherson is hit by Alec Martinez and loses puck.
8:32 of 2nd period - Penalty to Sebastian Aho is over, Sebastian Aho is back on ice.
11:14 of 2nd period - Tom Wilson is hit by Filip Hronek and loses puck.
11:46 of 2nd period - Drew Doughty is hit by John Carlson and loses puck.
12:07 of 2nd period - Minor Penalty to Zach Hyman for Tripping.
12:08 of 2nd period - Tomas Hertl wins face-off versus J.T. Miller in Calgary Flames zone.
12:33 of 2nd period - Bo Horvat is hit by Tyler Myers.
12:39 of 2nd period - Snap shot by Shane Pinto.
12:39 of 2nd period - Stopped by Ilya Sorokin without a rebound.
12:40 of 2nd period - Shane Pinto wins face-off versus J.T. Miller in Calgary Flames zone.
12:45 of 2nd period - Snap shot by Alex Ovechkin.
12:45 of 2nd period - Shot Misses the Net.
12:47 of 2nd period - Snap shot by Shane Pinto.
12:47 of 2nd period - Shot Misses the Net.
12:49 of 2nd period - Slapshot by Alex Ovechkin.
12:49 of 2nd period - Stopped by Ilya Sorokin without a rebound.
12:50 of 2nd period - J.T. Miller wins face-off versus Drake Batherson in Calgary Flames zone.
13:05 of 2nd period - Slapshot by Marco Rossi.
13:05 of 2nd period - Shot Hit the Post.
14:07 of 2nd period - Penalty to Zach Hyman is over, Zach Hyman is back on ice.
14:14 of 2nd period - Snap shot by Marco Rossi.
14:14 of 2nd period - Stopped by Ilya Sorokin without a rebound.
14:15 of 2nd period - Pavel Zacha wins face-off versus Marco Rossi in Calgary Flames zone.
14:52 of 2nd period - Snap shot by Alex Ovechkin.
14:52 of 2nd period - Stopped by Ilya Sorokin with a rebound.
14:54 of 2nd period - Slapshot by Jamie Oleksiak.
14:54 of 2nd period - Stopped by Ilya Sorokin without a rebound.
14:55 of 2nd period - Tomas Hertl wins face-off versus J.T. Miller in Calgary Flames zone.
15:09 of 2nd period - Off-side.
15:10 of 2nd period - Shane Pinto wins face-off versus Bo Horvat in neutral zone.
15:36 of 2nd period - J.T. Miller is hit by Tomas Hertl and loses puck.
15:45 of 2nd period - Slapshot by Chris Kreider.
15:45 of 2nd period - Goal by Chris Kreider - Washington Capitals : 2 - Calgary Flames : 2.
15:46 of 2nd period - Marco Rossi wins face-off versus J.T. Miller in neutral zone.
15:53 of 2nd period - Snap shot by Frederick Gaudreau.
15:53 of 2nd period - Stopped by Ilya Sorokin without a rebound.
15:54 of 2nd period - J.T. Miller wins face-off versus Marco Rossi in Calgary Flames zone.
16:33 of 2nd period - Snap shot by Cale Makar.
16:33 of 2nd period - Deflect By Marco Rossi.
16:33 of 2nd period - Stopped by Jake Oettinger without a rebound.
16:34 of 2nd period - Bo Horvat wins face-off versus Shane Pinto in Washington Capitals zone.
16:39 of 2nd period - Slapshot by Evan Rodrigues.
16:39 of 2nd period - Shot Blocked by Shane Pinto.
16:43 of 2nd period - Wrist shot by Evan Rodrigues.
16:43 of 2nd period - Shot Misses the Net.
16:45 of 2nd period - Snap shot by Bo Horvat.
16:45 of 2nd period - Deflect By Evan Rodrigues.
16:45 of 2nd period - Shot Blocked by Jamie Oleksiak.
16:45 of 2nd period - Puck is out of play.
16:46 of 2nd period - Tomas Hertl wins face-off versus Bo Horvat in Washington Capitals zone.
16:48 of 2nd period - Minor Penalty to Nick Foligno for Tripping.
16:49 of 2nd period - Bo Horvat wins face-off versus Shane Pinto in Washington Capitals zone.
17:03 of 2nd period - Wrist shot by Shane Pinto.
17:03 of 2nd period - Stopped by Ilya Sorokin with a rebound.
17:08 of 2nd period - Icing by Sebastian Aho.
17:09 of 2nd period - Bo Horvat wins face-off versus Frederick Gaudreau in Calgary Flames zone.
17:48 of 2nd period - Slapshot by Joel Eriksson Ek.
17:48 of 2nd period - Shot Misses the Net.
17:50 of 2nd period - Wrist shot by Evan Rodrigues.
17:50 of 2nd period - Goal by Evan Rodrigues - Washington Capitals : 2 - Calgary Flames : 3.
17:51 of 2nd period - Tomas Hertl wins face-off versus Zach Hyman in neutral zone.
17:56 of 2nd period - Slapshot by John Carlson.
17:56 of 2nd period - Shot Misses the Net.
18:02 of 2nd period - Slapshot by Tomas Hertl.
18:02 of 2nd period - Stopped by Ilya Sorokin with a rebound.
18:04 of 2nd period - Slapshot by Tomas Hertl.
18:04 of 2nd period - Goal by Tomas Hertl - Washington Capitals : 3 - Calgary Flames : 3.
18:05 of 2nd period - Bo Horvat wins face-off versus Shane Pinto in neutral zone.
18:08 of 2nd period - Snap shot by Sebastian Aho.
18:08 of 2nd period - Shot Blocked by John Carlson.
18:20 of 2nd period - Snap shot by Alex Ovechkin.
18:20 of 2nd period - Shot Misses the Net.
18:22 of 2nd period - Slapshot by John Carlson.
18:22 of 2nd period - Shot Misses the Net.
18:28 of 2nd period - Minor Penalty to Sebastian Aho for Holding.
18:29 of 2nd period - J.T. Miller wins face-off versus Shane Pinto in Calgary Flames zone.
18:57 of 2nd period - Icing by Drake Batherson.
18:58 of 2nd period - Tomas Hertl wins face-off versus Bo Horvat in Washington Capitals zone.
19:09 of 2nd period - Snap shot by Drake Batherson.
19:09 of 2nd period - Shot Misses the Net.
Goals for this period are 1 for Washington Capitals vs 2 for Calgary Flames.
Shots for this period are 11 for Washington Capitals vs 7 for Calgary Flames.
3rd period
0:01 of 3rd period - J.T. Miller wins face-off versus Tomas Hertl in neutral zone.
0:04 of 3rd period - Slapshot by Drew Doughty.
0:04 of 3rd period - Stopped by Jake Oettinger without a rebound.
0:05 of 3rd period - Tomas Hertl wins face-off versus J.T. Miller in Washington Capitals zone.
0:16 of 3rd period - Slapshot by Drake Batherson.
0:16 of 3rd period - Stopped by Ilya Sorokin without a rebound.
0:17 of 3rd period - J.T. Miller wins face-off versus Alex Ovechkin in Calgary Flames zone.
0:24 of 3rd period - Slapshot by Tom Wilson.
0:24 of 3rd period - Deflect By Alex Ovechkin.
0:24 of 3rd period - Stopped by Ilya Sorokin without a rebound.
0:25 of 3rd period - J.T. Miller wins face-off versus Shane Pinto in Calgary Flames zone.
0:28 of 3rd period - Penalty to Sebastian Aho is over, Sebastian Aho is back on ice.
1:02 of 3rd period - Shane Pinto is hit by Rasmus Andersson and loses puck.
2:14 of 3rd period - Snap shot by Alex Ovechkin.
2:14 of 3rd period - Stopped by Ilya Sorokin without a rebound.
2:15 of 3rd period - Marco Rossi wins face-off versus Bo Horvat in Calgary Flames zone.
2:16 of 3rd period - Snap shot by Frederick Gaudreau.
2:16 of 3rd period - Stopped by Ilya Sorokin with a rebound.
2:18 of 3rd period - Wrist shot by Frederick Gaudreau.
2:18 of 3rd period - Deflect By Stefan Noesen.
2:18 of 3rd period - Shot Blocked by Jeremy Lauzon.
2:18 of 3rd period - Puck is out of play.
2:19 of 3rd period - Marco Rossi wins face-off versus Bo Horvat in Calgary Flames zone.
2:48 of 3rd period - Wrist shot by Pavel Zacha.
2:48 of 3rd period - Stopped by Jake Oettinger with a rebound.
2:50 of 3rd period - Slapshot by Alec Martinez.
2:50 of 3rd period - Shot Misses the Net.
3:05 of 3rd period - Icing by Jamie Oleksiak.
3:06 of 3rd period - Nic Dowd wins face-off versus Lars Eller in Washington Capitals zone.
3:07 of 3rd period - Slapshot by Mathieu Joseph.
3:07 of 3rd period - Shot Blocked by Jamie Oleksiak.
3:09 of 3rd period - Slapshot by Drew Doughty.
3:09 of 3rd period - Shot Misses the Net.
3:11 of 3rd period - Slapshot by Drew Doughty.
3:11 of 3rd period - Shot Misses the Net.
3:13 of 3rd period - Slapshot by Bo Horvat.
3:13 of 3rd period - Stopped by Jake Oettinger with a rebound.
3:29 of 3rd period - Minor Penalty to Jamie Oleksiak for Interference.
3:30 of 3rd period - Frederick Gaudreau wins face-off versus J.T. Miller in Washington Capitals zone.
3:57 of 3rd period - Rasmus Andersson is hit by Tyler Myers and loses puck.
4:48 of 3rd period - Evan Rodrigues is hit by Nikita Zadorov and loses puck.
5:29 of 3rd period - Penalty to Jamie Oleksiak is over, Jamie Oleksiak is back on ice.
9:13 of 3rd period - Minor Penalty to Cale Makar for Tripping.
9:14 of 3rd period - Bo Horvat wins face-off versus Tomas Hertl in Calgary Flames zone.
9:30 of 3rd period - Drake Batherson is hit by Joel Eriksson Ek and loses puck.
9:51 of 3rd period - Wrist shot by Tom Wilson.
9:51 of 3rd period - Stopped by Ilya Sorokin with a rebound.
9:53 of 3rd period - Slapshot by John Carlson.
9:53 of 3rd period - Goal by John Carlson - Washington Capitals : 4 - Calgary Flames : 3.
9:54 of 3rd period - Jason Robertson wins face-off versus Bo Horvat in neutral zone.
10:05 of 3rd period - Wrist shot by Tomas Hertl.
10:05 of 3rd period - Shot Blocked by Sebastian Aho.
11:07 of 3rd period - Wrist shot by Mathieu Joseph.
11:07 of 3rd period - Shot Misses the Net.
11:09 of 3rd period - Slapshot by Cale Makar.
11:09 of 3rd period - Stopped by Jake Oettinger with a rebound.
11:13 of 3rd period - Snap shot by Mathieu Joseph.
11:13 of 3rd period - Shot Blocked by Nick Jensen.
11:15 of 3rd period - Slapshot by Mark Jankowski.
11:15 of 3rd period - Shot Blocked by Nick Jensen.
11:17 of 3rd period - Slapshot by Rasmus Andersson.
11:17 of 3rd period - Shot Blocked by Nick Jensen.
11:40 of 3rd period - Wrist shot by Drake Batherson.
11:40 of 3rd period - Deflect By Sean Kuraly.
11:40 of 3rd period - Stopped by Ilya Sorokin with a rebound.
11:42 of 3rd period - Snap shot by Drake Batherson.
11:42 of 3rd period - Shot Blocked by Cale Makar.
11:44 of 3rd period - Wrist shot by Sean Kuraly.
11:44 of 3rd period - Stopped by Ilya Sorokin with a rebound.
12:02 of 3rd period - Wrist shot by Drake Batherson.
12:02 of 3rd period - Stopped by Ilya Sorokin with a rebound.
12:12 of 3rd period - Slapshot by Lars Eller.
12:12 of 3rd period - Deflect By Drake Batherson.
12:12 of 3rd period - Shot Blocked by Rasmus Andersson.
12:12 of 3rd period - Puck is out of play.
12:13 of 3rd period - Tomas Hertl wins face-off versus J.T. Miller in Calgary Flames zone.
12:18 of 3rd period - Slapshot by Jason Robertson.
12:18 of 3rd period - Stopped by Ilya Sorokin without a rebound.
12:19 of 3rd period - J.T. Miller wins face-off versus Tomas Hertl in Calgary Flames zone.
12:48 of 3rd period - Snap shot by Nick Foligno.
12:48 of 3rd period - Stopped by Ilya Sorokin with a rebound.
12:50 of 3rd period - Slapshot by Ian Cole.
12:50 of 3rd period - Stopped by Ilya Sorokin without a rebound.
12:51 of 3rd period - Bo Horvat wins face-off versus Marco Rossi in Calgary Flames zone.
13:16 of 3rd period - Minor Penalty to Filip Hronek for Tripping.
13:17 of 3rd period - Shane Pinto wins face-off versus Bo Horvat in Calgary Flames zone.
13:59 of 3rd period - Snap shot by Jason Robertson.
13:59 of 3rd period - Stopped by Ilya Sorokin with a rebound.
15:16 of 3rd period - Penalty to Filip Hronek is over, Filip Hronek is back on ice.
15:23 of 3rd period - Icing by Tyler Myers.
15:24 of 3rd period - Pavel Zacha wins face-off versus Shane Pinto in Washington Capitals zone.
15:47 of 3rd period - Minor Penalty to Stefan Noesen for Hooking.
15:48 of 3rd period - Shane Pinto wins face-off versus Zach Hyman in Washington Capitals zone.
16:11 of 3rd period - Jamie Oleksiak is hit by Zach Hyman and loses puck.
17:47 of 3rd period - Penalty to Stefan Noesen is over, Stefan Noesen is back on ice.
17:54 of 3rd period - Snap shot by Sean Kuraly.
17:54 of 3rd period - Shot Misses the Net.
18:49 of 3rd period - Calgary Flames, Ilya Sorokin is pulled from the net.
18:51 of 3rd period - Snap shot by Evan Rodrigues.
18:51 of 3rd period - Stopped by Jake Oettinger without a rebound.
18:52 of 3rd period - Bruce Boudreau call a timeout for Calgary Flames.
18:52 of 3rd period - Bo Horvat wins face-off versus Shane Pinto in Washington Capitals zone.
19:09 of 3rd period - Backhand shot by Drew Doughty.
19:09 of 3rd period - Stopped by Jake Oettinger without a rebound.
19:10 of 3rd period - Shane Pinto wins face-off versus Bo Horvat in Washington Capitals zone.
19:15 of 3rd period - Wrist shot by Bo Horvat.
19:15 of 3rd period - Goal by Bo Horvat - Washington Capitals : 4 - Calgary Flames : 4.
19:15 of 3rd period - Ilya Sorokin from Calgary Flames was sent back in the game.
19:16 of 3rd period - Pavel Zacha wins face-off versus Marco Rossi in neutral zone.
Goals for this period are 1 for Washington Capitals vs 1 for Calgary Flames.
Shots for this period are 13 for Washington Capitals vs 7 for Calgary Flames.
Overtime #1
0:01 of 1st overtime period - Bo Horvat wins face-off versus Shane Pinto in neutral zone.
0:36 of 1st overtime period - Slapshot by John Carlson.
0:36 of 1st overtime period - Shot Blocked by Pavel Zacha.
1:48 of 1st overtime period - Tomas Hertl is hit by Sebastian Aho and loses puck.
2:18 of 1st overtime period - Sean Kuraly is hit by Nic Dowd and loses puck.
3:49 of 1st overtime period - Snap shot by Chris Kreider.
3:49 of 1st overtime period - Stopped by Jake Oettinger with a rebound.
3:51 of 1st overtime period - Snap shot by Joel Eriksson Ek.
3:51 of 1st overtime period - Shot Misses the Net.
3:53 of 1st overtime period - Snap shot by Filip Hronek.
3:53 of 1st overtime period - Shot Misses the Net.
3:55 of 1st overtime period - Snap shot by Joel Eriksson Ek.
3:55 of 1st overtime period - Shot Misses the Net.
4:09 of 1st overtime period - Ian Cole is hit by Sebastian Aho and loses puck.
4:49 of 1st overtime period - Icing by John Carlson.
4:50 of 1st overtime period - Tomas Hertl wins face-off versus Nic Dowd in Washington Capitals zone.
Goals for this period are 0 for Washington Capitals vs 0 for Calgary Flames.
Shots for this period are 0 for Washington Capitals vs 1 for Calgary Flames.
ShootOut
5:00 of 1st overtime period - Round #1.
5:00 of 1st overtime period - Washington Capitals, Jason Robertson.
5:00 of 1st overtime period - Wrist shot by Jason Robertson.
5:00 of 1st overtime period - Shot Misses the Net.
5:00 of 1st overtime period - Calgary Flames, Bo Horvat.
5:00 of 1st overtime period - Backhand shot by Bo Horvat.
5:00 of 1st overtime period - Stopped by Jake Oettinger.
5:00 of 1st overtime period - Round #2.
5:00 of 1st overtime period - Washington Capitals, Frederick Gaudreau.
5:00 of 1st overtime period - Backhand shot by Frederick Gaudreau.
5:00 of 1st overtime period - Goal by Frederick Gaudreau.
5:00 of 1st overtime period - Calgary Flames, Sebastian Aho.
5:00 of 1st overtime period - Backhand shot by Sebastian Aho.
5:00 of 1st overtime period - Stopped by Jake Oettinger.
5:00 of 1st overtime period - Round #3.
5:00 of 1st overtime period - Washington Capitals, Lars Eller.
5:00 of 1st overtime period - Backhand shot by Lars Eller.
5:00 of 1st overtime period - Shot Misses the Net.
5:00 of 1st overtime period - Calgary Flames, J.T. Miller.
5:00 of 1st overtime period - Wrist shot by J.T. Miller.
5:00 of 1st overtime period - Shot Misses the Net.
Back to the Top